 Dungeon Crawl Stone Soup version 0.30.0-2-g1aa4bd4387 (webtiles) character file.

Game seed: 12033849122927342688

56581 Dadi the Warrior (level 14, -2/106 HPs)
             Began as a Gargoyle Monk on May 6, 2023.
             Was a High Priest of Okawaru.
             Slain by a +0 battleaxe of draining (19 damage)
             ... on level 1 of the Elven Halls on May 7, 2023.
             The game lasted 00:49:01 (25348 turns).

Dadi the Warrior (Gargoyle Monk)                   Turns: 25348, Time: 00:49:02

Health: -2/106     AC: 26    Str: 19 (20) XL:     14   Next: 82%
Magic:  21/21      EV: 11    Int:  9 (11) God:    Okawaru [*****.]
Gold:   1062       SH:  5    Dex:  8 (10) Spells: 13/13 levels left

rFire   + . .        X - +2 great mace (protect)
rCold   + . .        (shield currently unavailable)
rNeg    + . .        H - +4 ring mail
rPois   ∞            u - +0 helmet
rElec   +            (no cloak)
rCorr   .            P - +0 pair of gloves
SInv    .            Q - +0 pair of boots of True Grit {rC+}
Will    +....        M - amulet of reflection Stlth
                     E - +4 ring of slaying
HPRegen 0.37/turn    T - ring of protection from fire
MPRegen 0.17/turn

%: reflection
@: flying
A: sickness immunity, AC +10, big wings, negative energy resistance 1,
electricity resistance, torment resistance 1, petrification resistance, clumsy
1, subdued magic 1
a: Renounce Religion, Heroism, Finesse, Duel


You were on level 1 of the Elven Halls.
You worshipped Okawaru.
Okawaru was extremely pleased with you.
You visited 5 branches of the dungeon, and saw 22 of its levels.
You also visited: Sewer and Ice Cave.

You collected 1771 gold pieces.
You spent 709 gold pieces at shops.

Inventory:

Hand Weapons
 a - a +0 mace
 g - a +2 flail of protection
 D - a +3 dire flail of protection
 X - a +2 great mace of protection (weapon)
Missiles
 R - a throwing net (quivered)
Armour
 e - a +0 leather armour of cold resistance
 u - a +0 helmet (worn)
 G - a +0 kite shield
 H - a +4 ring mail (worn)
 P - a +0 pair of gloves (worn)
 Q - the +0 pair of boots of True Grit (worn) {rC+}
   (You bought it in a shop on level 2 of the Orcish Mines)

   rC:        It protects you from cold.
Jewellery
 z - a +4 ring of protection
 E - a +4 ring of slaying (left hand)
 F - a ring of fire
 M - an amulet of reflection (around neck)
 O - a ring of ice
 T - a ring of protection from fire (right hand)
 U - a ring of ice
Wands
 b - a wand of mindburst (6)
 d - a wand of flame (20)
 t - a wand of quicksilver (7)
 A - a wand of iceblast (20)
 Z - a wand of polymorph (10)
Scrolls
 i - 3 scrolls of immolation
 j - a scroll of enchant armour
 p - a scroll of butterflies
 s - 5 scrolls of teleportation
 v - 2 scrolls of fear
 w - a scroll of acquirement {unknown}
 x - 2 scrolls of poison
 y - 3 scrolls of blinking
 B - 4 scrolls of fog
 J - 2 scrolls of torment
 K - a scroll of amnesia
 V - a scroll of brand weapon {unknown}
Potions
 c - 3 potions of ambrosia
 f - 4 potions of curing
 h - 2 potions of magic
 k - 4 potions of flight
 l - 2 potions of resistance
 n - a potion of cancellation
 o - 4 potions of might
 r - a potion of invisibility
 C - a potion of mutation
 I - a potion of berserk rage
 L - 3 potions of brilliance
 N - 5 potions of degeneration
 S - 3 potions of lignification
 W - 2 potions of heal wounds


   Skills:
 - Level 19.0 Fighting
 + Level 12.5 Maces & Flails
 - Level 12.0 Armour
 - Level 2.4 Dodging
 - Level 10.0 Shields
 + Level 10.6 Invocations


You had 13 spell levels left.
You didn't know any spells.
Your spell library contained the following spells:

 Spells                   Type           Power      Damage    Failure   Level
 Static Discharge         Conj/Air       0%         2-2/arc   63%         2
 Ozocubu's Armour         Ice            0%         N/A       86%         3
 Volatile Blastmotes      Fire/Tloc      0%         2d10      86%         3
 Airstrike                Air            0%         2d(0-16)  99%         4
 Anguish                  Hex/Necr       0%         N/A       99%         4
 Cause Fear               Hex            0%         N/A       99%         4
 Fulminant Prism          Conj/Hex       0%         3d5       99%         4
 Iskenderun's Mystic Bla  Conj/Tloc      0%         2d3       99%         4
 Petrify                  Tmut/Erth      0%         N/A       99%         4
 Lee's Rapid Deconstruct  Erth           0%         3d4*      100%        5
 Metabolic Englaciation   Hex/Ice        0%         N/A       100%        5
 Conjure Ball Lightning   Conj/Air       0%         3x3d6     100%        6
 Enfeeble                 Hex            0%         N/A       100%        7
 Discord                  Hex            0%         N/A       100%        8
 Disjunction              Tloc           0%         N/A       100%        8
 Summon Lightning Spire   Summ/Air       Unusable   N/A       N/A         4
 Simulacrum               Ice/Necr       Unusable   N/A       N/A         6
 Statue Form              Tmut/Erth      Unusable   N/A       N/A         6

Dungeon Overview and Level Annotations

Branches:
Dungeon (13/15)            Temple (1/1) D:5            Lair (5/5) D:8
  Swamp (0/4) Lair:3        Snake (0/4) Lair:2          Orc (2/2) D:9
    Elf (1/3) Orc:2         Sewer (visited)           IceCv (visited)
  Slime: Lair:4-5    Vaults: D:13-14

Altars:
Ashenzari
Cheibriados
Dithmenos
Elyvilon
Fedhas
Gozag
Hepliaklqana
Kikubaaqudgha
Makhleb
Nemelex Xobeh
Okawaru
Qazlal
Ru
Sif Muna
Trog
Uskayaw
Vehumet
Wu Jian
Xom
Yredelemnul
Zin
The Shining One

Shops:
D:7 ?   D:8 [   Orc:2 [=??!

Annotations:
D:2 1 runed translucent door, Crazy Yiuf
D:10 4 transporters


Innate Abilities, Weirdness & Mutations

You are immune to sickness and miasma.
Your stone body is resilient. (AC +10)
You are immune to poison.
Your large and strong wings let you fly.
You resist negative energy. (rN+)
You are resistant to electric shocks. (rElec)
You are resistant to unholy torment.
You are immune to petrification.
You are clumsy. (Dex -2)
Your spells are a little easier to cast, but a little less powerful.


Message History

The +0 battleaxe of draining closely misses you.
The deep elf zephyrmancer closely misses you.
You barely miss the deep elf zephyrmancer.
The deep elf zephyrmancer is moderately wounded.
The +0 battleaxe of draining hits you!!
The deep elf zephyrmancer hits you but does no damage.
You miss the deep elf zephyrmancer.
The deep elf zephyrmancer is moderately wounded.
The +0 battleaxe of draining hits you.
The deep elf zephyrmancer hits you but does no damage.
The +0 battleaxe of draining hits you!
You are too injured to fight recklessly!
You miss the +0 battleaxe of draining. The +0 battleaxe of draining hits you!
The deep elf zephyrmancer hits you but does no damage.
You barely miss the +0 battleaxe of draining.
The +0 battleaxe of draining hits you but does no damage.
The deep elf zephyrmancer hits you but does no damage.
You hit the +0 battleaxe of draining but do no damage.
Your weapon exudes an aura of protection.
The +0 battleaxe of draining barely misses you.
The deep elf zephyrmancer gestures at you while chanting.
The bolt of lightning hits you. You resist.
The +0 battleaxe of draining hits you!!
* * * LOW HITPOINT WARNING * * *
You miss the +0 battleaxe of draining.
The deep elf zephyrmancer closely misses you.
The +0 battleaxe of draining closely misses you.
You closely miss the +0 battleaxe of draining.
The +0 battleaxe of draining completely misses you.
The deep elf zephyrmancer hits you but does no damage.
You closely miss the +0 battleaxe of draining.
The +0 battleaxe of draining barely misses you.
The deep elf zephyrmancer hits you but does no damage.
You closely miss the +0 battleaxe of draining.
The +0 battleaxe of draining closely misses you.
The deep elf zephyrmancer points at you and mumbles some strange words.
The bolt of lightning hits you. You resist.
* * * LOW HITPOINT WARNING * * *
The +0 battleaxe of draining hits you!!
You die...

####.. ##### #..##'##...##
............##
.............###...
.............'....# ...
............# #.# ...
#..........## #.# #..#
#+######e(.# #.# ##....
##.##.######@).# #.# #.....
.........).)...#####.###...
##....######...)......)+.##+#
##.# #.###.######.)#... # ###
#.# #....⌠. #.# #..#... #.#
##.##.. #.# #.##.[ #.# #.# #.


You could see a deep elf zephyrmancer and a +0 battleaxe of draining.

Vanquished Creatures
  Roxanne (Elf:1)
  An ettin (Orc:2)
  Erica (D:9)
  Erolcha (D:9)
  3 hydras
  A dancing weapon (Orc:2)
  2 two-headed ogres
  A boulder beetle (Lair:4)
  4 death yaks
  3 skeletal warriors
  2 skysharks (Lair:3)
  7 deep elf zephyrmancers (Elf:1)
  3 deep elf pyromancers
  10 orc sorcerers
  A cyclops (D:12)
  An ugly thing (D:11)
  10 elephants
  3 black mambas
  Maurice (D:9)
  2 gargoyles (D:11)
  5 cane toads
  2 unseen horrors
  4 komodo dragons
  A rime drake (IceCv)
  2 trolls
  2 tyrant leeches (Lair:3)
  2 polar bears (IceCv)
  11 blink frogs
  6 dream sheep (Lair:4)
  11 slime creatures (D:12)
  3 wyverns
  A yak (shapeshifter) (Elf:1)
  A wraith (D:10)
  56 yaks
  2 vampires (D:11)
  7 wargs
  2 steam dragons (D:8)
  2 vampire mosquitoes (D:12)
  The ghost of Mysteryquy the Trooper, an amateur GrFi (D:4)
  3 swamp worms (Lair:3)
  Edmund (D:4)
  7 nagas
  An acid dragon (D:9)
  8 water moccasins
  A sky beast (D:7)
  9 orc warriors
  5 ogres
  4 black bears
  32 wolves
  5 centaurs
  A kobold brigand (D:8)
  11 bullfrogs
  3 gnoll sergeants
  A cane toad simulacrum (Lair:1)
  An earth elemental (Elf:1)
  4 wights (D:8)
  4 killer bees (D:8)
  An electric eel (Lair:1)
  6 howler monkeys
  8 hounds
  3 jellies
  16 orc priests
  2 iguanas
  29 orc wizards
  5 hell rats (Lair:4)
  Terence (D:2)
  A polar bear simulacrum (Lair:1)
  2 scorpion simulacra (D:4)
  Robin (D:4)
  4 adders
  16 gnolls
  2 hound simulacra (D:4)
  A shadow imp (D:6)
  3 white imps
  A howler monkey simulacrum (D:4)
  An ufetubus (D:5)
  2 worms (D:5)
  A dart slug (D:5)
  An adder simulacrum (D:4)
  95 orcs
  4 endoplasms
  A giant cockroach (D:4)
  12 goblins
  9 hobgoblins
  8 jackals
  2 quokkas (D:1)
  9 ball pythons
  8 bats
  4 frilled lizards
  8 kobolds
  6 rats
553 creatures vanquished.

Vanquished Creatures (others)
  An orc wizard (Orc:2)
  A butterfly (Lair:1)
  29 fungi
  41 plants
72 creatures vanquished.

Grand Total: 625 creatures vanquished

Notes
Turn   | Place    | Note
-------+----------+-------------------------------------------
     0 | D:1      | Dadi the Gargoyle Monk began the quest for the Orb.
     0 | D:1      | Reached XP level 1. HP: 14/14 MP: 1/1
   301 | D:1      | Reached XP level 2. HP: 19/19 MP: 2/2
   524 | D:1      | Reached XP level 3. HP: 22/24 MP: 3/3
   790 | D:1      | Reached skill level 4 in Fighting
  1138 | D:2      | Noticed Terence
  1145 | D:2      | Killed Terence
  1146 | D:2      | Reached XP level 4. HP: 28/30 MP: 4/4
  1265 | D:2      | Found a runed translucent door.
  1266 | D:2      | Noticed Crazy Yiuf
  1641 | D:3      | Noticed a +0 hand axe
  1641 | D:3      | Noticed a +0 hand axe
  1641 | D:3      | Found a hide-covered altar of Uskayaw.
  1707 | D:3      | Found a glowing drain.
  1729 | Sewer    | Entered a sewer
  1825 | Sewer    | Noticed a water moccasin
  1836 | Sewer    | Killed a water moccasin
  1837 | Sewer    | Reached skill level 5 in Fighting
  1837 | Sewer    | Reached XP level 5. HP: 33/35 MP: 5/5
  2298 | D:4      | Found an opulent altar of Gozag.
  2305 | D:4      | Noticed an ogre
  2384 | D:4      | Found a runed translucent gate.
  2384 | D:4      | Found a runed translucent gate.
  2384 | D:4      | Found a runed translucent gate.
  2418 | D:4      | Reached skill level 5 in Maces & Flails
  2418 | D:4      | Reached XP level 6. HP: 25/40 MP: 6/6
  2426 | D:5      | Entered Level 5 of the Dungeon
  2608 | D:4      | Noticed Robin
  2627 | D:4      | Killed Robin
  2704 | D:4      | Noticed Edmund
  2730 | D:4      | Noticed a black bear
  2738 | D:4      | Killed a black bear
  2739 | D:4      | Reached skill level 6 in Fighting
  2903 | D:5      | Reached XP level 7. HP: 47/47 MP: 7/7
  3080 | D:5      | Found a staircase to the Ecumenical Temple.
  3215 | D:5      | Reached skill level 7 in Fighting
  4325 | D:6      | Reached XP level 8. HP: 53/53 MP: 8/8
  4601 | D:6      | Reached skill level 8 in Fighting
  5047 | D:6      | Found a white marble altar of Elyvilon.
  5270 | D:7      | Found Xust's Magic Scroll Shop.
  5282 | D:7      | Bought a scroll of blinking for 82 gold pieces
  5282 | D:7      | Bought a scroll of identify for 22 gold pieces
  5282 | D:7      | Bought a scroll of identify for 22 gold pieces
  5282 | D:7      | Bought a scroll of teleportation for 33 gold pieces
  5496 | D:6      | Found a glowing golden altar of the Shining One.
  5536 | D:6      | Reached skill level 9 in Fighting
  5767 | D:6      | Reached XP level 9. HP: 60/60 MP: 9/9
  5835 | D:4      | Killed Edmund
  6136 | D:4      | Noticed Mysteryquy's ghost (amateur GrFi)
  6348 | D:4      | Found a sacrificial altar of Ru.
  6665 | D:4      | Killed Mysteryquy's ghost
  7009 | D:7      | Reached skill level 10 in Fighting
  7552 | D:8      | Reached skill level 10 in Maces & Flails
  7652 | D:8      | Reached skill level 11 in Fighting
  7723 | D:8      | Found Orphinut's Antique Armour Shop.
  7758 | D:8      | Found a blossoming altar of Fedhas.
  7761 | D:8      | Found an ornate altar of the Wu Jian Council.
  7764 | D:8      | Reached skill level 1 in Armour
  7764 | D:8      | Reached XP level 10. HP: 70/70 MP: 10/10
  7903 | Temple   | Entered the Ecumenical Temple
  8118 | Temple   | Became a worshipper of Warmaster Okawaru
  8118 | Temple   | Reached * piety under Okawaru
  8118 | Temple   | Reached ** piety under Okawaru
  8444 | D:8      | Found a radiant altar of Vehumet.
  8456 | D:8      | Found a snail-covered altar of Cheibriados.
  8578 | D:8      | Reached skill level 12 in Fighting
  8627 | D:8      | Found a staircase to the Lair.
  8869 | Lair:1   | Entered Level 1 of the Lair of Beasts
  8881 | Lair:1   | Noticed a cane toad
  8888 | Lair:1   | Killed a cane toad
  8940 | Lair:1   | Reached skill level 13 in Fighting
  9010 | Lair:1   | Reached *** piety under Okawaru
  9011 | Lair:1   | Reached skill level 5 in Armour
  9402 | Lair:1   | Noticed a cane toad
  9405 | Lair:1   | Found a frozen archway.
  9416 | Lair:1   | Killed a cane toad
  9530 | Lair:1   | Noticed a black mamba
  9534 | IceCv    | Entered an ice cave
  9541 | IceCv    | Reached skill level 14 in Fighting
  9803 | IceCv    | Reached **** piety under Okawaru
  9810 | IceCv    | Reached XP level 11. HP: 41/80 MP: 11/11
  9936 | IceCv    | Noticed a death yak
  9951 | IceCv    | Noticed a death yak
  9963 | IceCv    | HP: 2/80 [death yak (8)]
 10250 | D:9      | Reached skill level 15 in Fighting
 10319 | D:9      | Noticed Erica
 10350 | D:10     | Entered Level 10 of the Dungeon
 10357 | D:10     | Received a gift from Okawaru
 10542 | D:9      | Noticed a two-headed ogre
 10555 | D:9      | Killed a two-headed ogre
 10556 | D:9      | Reached skill level 16 in Fighting
 10692 | D:9      | Noticed Erolcha
 10931 | D:10     | Reached ***** piety under Okawaru
 11069 | D:10     | Found a broken altar of Ashenzari.
 11145 | D:10     | Found a transporter.
 11145 | D:10     | Found a transporter.
 11150 | D:10     | Found a transporter.
 11347 | D:10     | Found a transporter.
 11688 | Lair:1   | Killed a death yak
 12069 | Lair:1   | Reached skill level 17 in Fighting
 12073 | Lair:1   | Received a gift from Okawaru
 12490 | Lair:2   | Reached skill level 10 in Armour
 12694 | Lair:2   | Reached XP level 12. HP: 60/92 MP: 12/12
 12915 | D:8      | Bought a pair of masterwork gloves for 332 gold pieces
 12915 | D:8      | Identified the +0 pair of gloves of Defence {Harm Str+2}
                  | (You bought it in a shop on level 8 of the Dungeon)
 13151 | Lair:2   | Reached skill level 18 in Fighting
 13215 | Lair:2   | Found a staircase to the Snake Pit.
 13386 | Lair:2   | Received a gift from Okawaru
 13929 | Lair:3   | Noticed a death yak
 13947 | Lair:3   | Noticed a death yak
 13947 | Lair:3   | Killed a death yak
 13947 | Lair:3   | Identified the +2 helmet "Qoogoej" {Harm Int+3} (Okawaru
                  | gifted it to you on level 3 of the Lair of Beasts)
 13947 | Lair:3   | Received a gift from Okawaru
 13949 | Lair:3   | Noticed a death yak
 14186 | Lair:2   | Reached skill level 19 in Fighting
 14201 | Lair:2   | Killed a death yak
 14202 | Lair:2   | Reached skill level 1 in Shields
 14202 | Lair:2   | Reached skill level 1 in Invocations
 14363 | Lair:3   | Noticed a skyshark
 14873 | Lair:2   | Killed a death yak
 15010 | Lair:3   | Killed a skyshark
 15015 | Lair:3   | Reached skill level 5 in Shields
 15136 | Lair:3   | Reached XP level 13. HP: 90/100 MP: 15/15
 15377 | Lair:3   | Found a staircase to the Swamp.
 16788 | Lair:3   | Reached skill level 5 in Invocations
 16990 | Lair:4   | Identified the +2 cloak of the Everdark {Harm rN+} (Okawaru
                  | gifted it to you on level 4 of the Lair of Beasts)
 16990 | Lair:4   | Received a gift from Okawaru
 18467 | Lair:5   | Entered Level 5 of the Lair of Beasts
 18771 | D:9      | Killed Erica
 18900 | D:9      | Found a hazy altar of Hepliaklqana.
 18933 | D:9      | Noticed Maurice
 18949 | D:9      | Killed Maurice
 18983 | D:9      | Killed Erolcha
 19148 | D:9      | Found a staircase to the Orcish Mines.
 20070 | D:11     | Reached skill level 10 in Shields
 20233 | D:11     | Gained mutation: Your large and strong wings let you fly.
                  | [Gargoyle growth]
 20233 | D:11     | Reached XP level 14. HP: 99/106 MP: 19/19
 21172 | D:12     | Received a gift from Okawaru
 22314 | Orc:1    | Entered Level 1 of the Orcish Mines
 22442 | Orc:2    | Entered Level 2 of the Orcish Mines
 22522 | Orc:2    | Found a staircase to the Elven Halls.
 23138 | Orc:2    | Found Taanup's Distillery.
 23305 | Orc:2    | Gained mutation: Your spells are a little easier to cast,
                  | but a little less powerful. [a neqoxec]
 23368 | Orc:2    | HP: 3/106 [orc sorcerer/bolt of fire (17)]
 23699 | Orc:2    | Found Xaixt's Magic Scroll Shoppe.
 23699 | Orc:2    | Found Jaqim's Magic Scroll Boutique.
 23937 | Orc:2    | Paralysed by an orc sorcerer for 4 turns
 23939 | Orc:2    | Gained mutation: You are clumsy. (Dex -2) [a neqoxec]
 23966 | Orc:2    | Found Peska's Antique Armour Shoppe.
 23966 | Orc:2    | Found Zisoefih's Jewellery Boutique.
 24096 | Orc:2    | Bought a pair of translucent boots for 218 gold pieces
 24096 | Orc:2    | Identified the +0 pair of boots of True Grit {rC+} (You
                  | bought it in a shop on level 2 of the Orcish Mines)
 24942 | Elf:1    | Entered Level 1 of the Elven Halls
 24952 | Orc:2    | Received a gift from Okawaru
 24956 | Orc:2    | Upgraded the game from 0.30.0 to 0.30.0-2-g1aa4bd4387
 25164 | Elf:1    | Reached skill level 10 in Invocations
 25181 | Elf:1    | Noticed Roxanne
 25211 | Elf:1    | Killed Roxanne
 25348 | Elf:1    | Slain by a +0 battleaxe of draining

Illustrated notes

Levels and vault maps discovered:
D:1:      co_arrival_square_in_a_square_in_a_square, layout_basic,
          minmay_tripent
D:2:      layout_basic, uniq_crazy_yiuf_cottage, uniq_terence
D:3:      layout_rooms, dancing_weapons_uskayaw, cheibrodos_sewer_entry_drain
D:4:      layout_basic, mainiacjoe_overflow_catwalk_spiral, gammafunk_ghost_icy,
          uniq_robin, uniq_edmund
D:5:      layout_basic, temple_pool_b, lightli_minifort
D:6:      layout_basic, tso_oasis_becter, elyvilon_altar_5
D:7:      layout_basic, serial_shops, shop
D:8:      layout_loops_ring, grunt_temple_overflow_cloverleaf,
          grunt_lair_entry_orc_guard_hut, serial_shops, shop
D:9:      layout_gridville, nicolae_hepliaklqana_hippocampus, hiddenorc1_lemuel,
          uniq_maurice, uniq_erolcha, uniq_erica
D:10:     layout_basic, cheibrodos_ashenzari_chains, nicolae_diode_quadrants
D:11:     layout_irregular_city
D:12:     layout_long_grid, kennysheep_crisscross, minmay_misc_feat_tower,
          minmay_misc_feat_iff
D:13:     layout_loops_corners, argonaut_gorgonesque, uniq_rupert, uniq_urug
Temple:   chequers_temple_sunken
Lair:1:   layout_loops_ring, portal_ice_cave_entry_ice_simulacra,
          lemuel_fruit_tree, serial_bayou_shore_a, grunt_megastairs_4,
          infiniplex_staircase_pool_2, lemuel_fruit_fields
Lair:2:   layout_regular_city, minmay_snake_entry_guardpost_medium
Lair:3:   beast_lair_carwin_large_4, layout_regular_city,
          palyth_hydra_swamp_entry, serial_bayou_pond_a
Lair:4:   layout_layer_cave, minmay_lindwurm_lava
Lair:5:   minmay_lair_end_enchanted_forest, layout_regular_city,
          minmay_slime_entry_oklob_open, minmay_stone_trees_small, uniq_kirke
Orc:1:    layout_caves
Orc:2:    st_orc_town, layout_caves, serial_shops, nicolae_shop_window_shopping,
          minmay_orc_temple_b
Elf:1:    layout_gridlike, minmay_elf_crystal_heptagon, grunt_ministairs_13,
          minmay_shop_grove, uniq_roxanne

Skill      XL: |  1  2  3  4  5  6  7  8  9 10 11 12 13 14 |
---------------+-------------------------------------------+-----
Fighting       | 4 5 6 7 9 11 14 17 19 | 19.0
Maces & Flails | 4 5 6 8 10 12 | 12.5
Armour         | 1 7 10 12 | 12.0
Shields        | 5 10 | 10.0
Invocations    | 3 7 10 | 10.6
Dodging        | |  2.4

Action                     |  1- 3 |  4- 6 |  7- 9 | 10-12 | 13-15 || total
---------------------------+-------+-------+-------+-------+-------++-------
  Melee: Mace              |    36 |       |       |       |       ||    36
         Flail             |    32 |   123 |   200 |       |       ||   355
         Dire flail        |       |       |   130 |   281 |       ||   411
         Great mace        |       |       |       |   236 |   875 ||  1111
 Invoke: Heroism           |       |       |       |     1 |     3 ||     4
         Finesse           |       |       |       |       |     2 ||     2
    Use: Scroll            |       |     3 |     6 |     1 |    17 ||    27
         Potion            |       |       |       |     1 |     5 ||     6
   Stab: Invisible         |       |       |       |     1 |       ||     1
 Armour: Robe              |    29 |       |       |       |       ||    29
         Ring mail         |     9 |    63 |    84 |   364 |   714 ||  1234
         Scale mail        |       |       |    91 |       |       ||    91
         Leather armour    |       |       |       |    45 |       ||    45
         Skin              |       |       |       |       |    27 ||    27
  Dodge: Dodged            |    60 |    70 |   177 |   345 |   564 ||  1216
  Block: Other             |       |       |       |   109 |   270 ||   379
         Reflection        |       |       |       |     5 |     3 ||     8
